Cogmind - Beta 13 X1 @@@ ROGUE MODE // 2023.08.27 @ 20:12:04 Player: VR-DUX Result: Destroyed by YI-UF0 with YI-UF0's Doublenader Performance ------------- Evolutions (1) 500 Regions Visited (4) 800 Robots Destroyed (39) 195 Value Destroyed (941) 941 Prototype IDs (2) 40 Alien Tech Used (0) 0 Bonus (0) 0 TOTAL SCORE: 2476 Bonus ------- None Cogmind --------- Core Integrity 0/400 Matter 213/300 Energy 100/100 System Corruption 0% Temperature Cool (0) Movement Rolling (130) Ox2 Location -9/Mines Parts ------- > --- POWER (1) -------- (None) > --- PROPULSION (3) --- Compact Wheel > --- UTILITY (3) ------ High-capacity Storage Unit Structural Scanner Utility Shielding > --- WEAPON (2) ------- (None) > --- INVENTORY (20) --- Light Nuclear Core Light Treads Light Treads Light Treads Light Treads Light Treads Improved Treads Improved Flight Unit Medium Storage Unit Large Storage Unit Large Battery (200) Large Matter Pod (150) Thief Drone Bay (3/3) Beam Rifle Beam Cannon Light Assault Rifle Light Cannon Hammer Mining Claw Mining Claw Peak State ------------ > --- POWER ------------ Ion Engine > --- PROPULSION ------- Light Treads Light Treads Wheel > --- UTILITY ---------- High-capacity Storage Unit Structural Scanner Thief Drone Bay > --- WEAPON ----------- Beam Rifle Light Assault Rifle > --- INVENTORY -------- Light Ion Engine Light Treads Light Treads Compact Wheel Medium Storage Unit Large Storage Unit Large Battery Large Matter Pod Utility Shielding Small Laser Beam Cannon Light Cannon Hammer Mining Claw Mining Claw [Rating: 17] Favorites ----------- Power Ion Engine Engine Ion Engine Propulsion Compact Wheel Treads Light Treads Leg Aluminum Leg Wheel Compact Wheel Flight Unit Improved Flight Unit Utility High-capacity Storage Unit Device Structural Scanner Storage High-capacity Storage Unit Processor Terrain Scan Processor Protection Utility Shielding Weapon EM Pulse Gun Energy Gun EM Pulse Gun Energy Cannon Beam Cannon Ballistic Gun Assault Rifle Launcher Mini Grenade Launcher Impact Weapon Hammer Slashing Weapon Mining Claw Build | -11 -10 -10 -9 -9 ------- Run | Jun Mat Min Mat Min Slots Evolved 2 | . . . 2 . Power . | . . . . . Propulsion 1 | . . . 1 . Utility 1 | . . . 1 . Weapon . | . . . . . Parts Attached 59 | . 22 4 30 3 Power 7 | . 4 . 3 . Engine 7 | . 4 . 3 . Core . | . . . . . Reactor . | . . . . . Propulsion 20 | . 4 . 16 . Treads 8 | . . . 8 . Leg . | . . . . . Wheel 11 | . 4 . 7 . Hover . | . . . . . Flight 1 | . . . 1 . Utility 12 | . 6 2 4 . Device 8 | . 3 2 3 . Storage 1 | . 1 . . . Processor 2 | . 2 . . . Hackware . | . . . . . Protection 1 | . . . 1 . Artifact . | . . . . . Weapon 20 | . 8 2 7 3 Energy Gun 6 | . 5 . 1 . Energy Cannon 3 | . . 1 2 . Ballistic Gun 5 | . 2 . 2 1 Ballistic Cannon . | . . . . . Launcher 2 | . . . . 2 Special Weapon . | . . . . . Impact Weapon 2 | . 1 . 1 . Slashing Weapon 2 | . . 1 1 . Piercing Weapon . | . . . . . Special Melee Weapon . | . . . . . Unidentified Prototypes 2 | . . 1 1 . Parts Lost 13 | . 5 . 3 5 Power 3 | . 2 . . 1 Propulsion 4 | . . . 2 2 Utility 1 | . 1 . . . Weapon 5 | . 2 . 1 2 Highest Loss Streak 5 | . 2 . 1 5 To Critical Strikes . | . . . . . Average Slot Usage (%) 97 | . 96 100 97 100 Engine 12 | . 12 14 11 11 Treads 4 | . . . 17 . Leg 2 | . 3 . . . Wheel 21 | . 24 28 13 33 Device 12 | . 11 14 15 11 Storage 13 | . 14 14 11 11 Protection 1 | . . . 6 11 Energy Gun 12 | . 15 14 6 . Energy Cannon 1 | . . 8 1 . Ballistic Gun 6 | . 9 . 4 14 Impact Weapon 1 | . 2 . . . Slashing Weapon 2 | . . 5 7 . Naked Turns . | . . . . . Heaviest Build 54 | 11 53 51 54 50 Greatest Support 63 | 20 32 20 63 48 Greatest Overweight (x) 16 | . 2 2 16 1 Average Overweight (x) 1 | . 1 2 . 1 Largest Inventory Capacity 20 | . 20 20 20 20 Average Capacity 18 | . 17 20 20 20 Most Carried 20 | . 20 19 20 20 Average Carried 15 | . 13 18 16 20 Final Capacity 20 | 8 20 20 20 20 Final Carried 20 | 6 18 19 20 20 Class Distribution -------------------- 82% | Mutant 17% | Scavenger-Mutant Dominant Class ---------------- Mutant | -10/Materials Mutant | -10/Mines Scavenger-Mutant | -9/Materials Scavenger-Mutant | -9/Mines Resources | -11 -10 -10 -9 -9 ----------- Run | Jun Mat Min Mat Min Matter Collected 1136 | 189 521 24 374 28 Remotely . | . . . . . Salvage Created 1475 | . 690 . 720 65 Parts 92 | . 50 . 42 . Haulers Intercepted 3 | . 2 . 1 . Recyclers Shooed 2 | . 1 . 1 . Parts Field Recycled . | . . . . . Retrieved Matter . | . . . . . Parts Self-Destructed . | . . . . . Prevented . | . . . . . Kills | -11 -10 -10 -9 -9 ------- Run | Jun Mat Min Mat Min Combat Hostiles Destroyed 26 | . 10 . 13 3 Guns 20 | . 9 . 11 . Cannons 2 | . . . 2 . AOE 3 | . . . . 3 Classes Destroyed 7 | . 6 . 1 . Builder 4 | . 4 . . . Hauler 3 | . 2 . 1 . Recycler 4 | . 3 . 1 . Watcher 2 | . 2 . . . Swarmer 5 | . 5 . . . Grunt 18 | . 5 . 10 3 Sentry 3 | . . . 3 . Best Kill Streak 3 | . 3 . 3 2 Combat Bots Only 3 | . 3 . 2 2 Max Kills in Single Turn 1 | . 1 . 1 1 Gunslinging . | . . . . . Exploded 1 | . . . . 1 Melee . | . . . . . Uniques/NPCs Destroyed . | . . . . . Combat | -11 -10 -10 -9 -9 -------- Run | Jun Mat Min Mat Min Damage Taken 1907 | . 580 . 791 536 Core 515 | . 111 . 208 196 Absorbed by Shields . | . . . . . Redirected to Shielding 22 | . . . . 22 Core Remaining (%) 77 | 100 . 55 . . Volleys Fired 167 | . 90 . 66 11 Largest 2 | . 2 . 2 1 Hottest 100 | . 90 . 100 30 Shots Fired 253 | . 163 . 79 11 Gun 221 | . 163 . 58 . Cannon 21 | . . . 21 . Launcher 11 | . . . . 11 Special . | . . . . . Kinetic 106 | . 79 . 27 . Thermal 121 | . 82 . 39 . Explosive 11 | . . . . 11 Electromagnetic 15 | . 2 . 13 . Robot Hit Streak 10 | . 6 . 10 9 Robot Miss Streak 5 | . 5 . 2 1 Penetration Max . | . . . . . Secondary Targets . | . . . . . Shots Hit Robots 155 | . 88 . 62 5 Core Hits 67 | . 32 . 26 9 Critical Kills . | . . . . . Critical Parts Destroyed . | . . . . . Critical Strikes 3 | . 2 . 1 . Burn 2 | . 2 . . . Corrupt 1 | . . . 1 . Melee Attacks 10 | . 4 . 6 . Impact 8 | . 4 . 4 . Slashing 2 | . . . 2 . Piercing . | . . . . . Sneak Attacks 2 | . 1 . 1 . Combat Hostiles . | . . . . . Follow-up Attacks . | . . . . . Damage Inflicted 2446 | . 1146 . 1014 286 Guns 1618 | . 1086 . 532 . Cannons 254 | . . . 254 . Explosions 392 | . . . 106 286 Melee 182 | . 60 . 122 . Ramming . | . . . . . Kinetic 706 | . 495 . 211 . Thermal 1091 | . 554 . 537 . Explosive 286 | . . . . 286 Electromagnetic 181 | . 37 . 144 . Impact 182 | . 60 . 122 . Slashing . | . . . . . Piercing . | . . . . . Highest Corruption . | . . . . . Average Corruption . | . . . . . Corruption Purged . | . . . . . Corruption Blocked . | . . . . . Overload Shots . | . . . . . Overflow Damage 42 | . . . 36 6 Projectiles 26 | . . . 26 . Explosions 6 | . . . . 6 Melee 10 | . . . 10 . Knockbacks 1 | . . . 1 . Impact 1 | . . . 1 . Kinetic . | . . . . . Secondary . | . . . . . Self-Inflicted Damage 156 | . . . 56 100 Shots 6 | . . . 1 5 Rammed . | . . . . . Targets Rammed . | . . . . . Kicked . | . . . . . Crushed . | . . . . . Highest Temperature 306 | . 204 . 306 4 Average Temperature 73 | . 65 . 83 2 Received Heat Transfer 711 | . 267 . 387 57 Siege Activations . | . . . . . Robots Corrupted . | . . . . . Combat Hostiles . | . . . . . Parts Fried . | . . . . . Impact Corruptions 1 | . . . 1 . Robots Melted 1 | . 1 . . . Combat Hostiles 1 | . 1 . . . Parts Melted 3 | . 2 . 1 . Heat Transferred 2635 | . 1573 . 1062 . Parts Sabotaged . | . . . . . Parts Stolen . | . . . . . Parts Stripped . | . . . . . Power Chain Reactions 1 | . . . 1 . Missiles Intercepted . | . . . . . Alert | -11 -10 -10 -9 -9 ------- Run | Jun Mat Min Mat Min Peak Influence 250 | . 155 5 250 221 Initial 89 | . . 5 1 89 Average 93 | . 71 5 166 179 Maximum Alert Level 1 | . . . 1 1 Low Security (%) 86 | . 100 100 52 83 Level 1 13 | . . . 47 16 Level 2 . | . . . . . Level 3 . | . . . . . Level 4 . | . . . . . Level 5 . | . . . . . High Security . | . . . . . Max Security . | . . . . . Squads Dispatched 6 | . 3 . 3 . Investigation 5 | . 3 . 2 . Extermination . | . . . . . Reinforcement 1 | . . . 1 . Assault . | . . . . . Garrison . | . . . . . Intercept . | . . . . . Searches Triggered . | . . . . . Construction Impeded . | . . . . . Haulers Reinforced . | . . . . . Active Scanning Responses . | . . . . . Cargo Convoy Interrupts . | . . . . . Stealth | -11 -10 -10 -9 -9 --------- Run | Jun Mat Min Mat Min Distress Signals 2 | . 1 . 1 . Communications Jammed . | . . . . . Distress Signals . | . . . . . Times Spotted 44 | . 21 . 16 7 Peak Tracking Total 4 | . 4 . 3 4 Tactical Retreats 2 | . . . 2 . Traps | -11 -10 -10 -9 -9 ------- Run | Jun Mat Min Mat Min Traps Triggered 1 | . 1 . . . Indirectly . | . . . . . Trap Hack Attempts . | . . . . . Triggered . | . . . . . Disarmed . | . . . . . Reprogrammed . | . . . . . Reused . | . . . . . Traps Extracted . | . . . . . Installed . | . . . . . Triggered . | . . . . . Machines | -11 -10 -10 -9 -9 ---------- Run | Jun Mat Min Mat Min Machines Disabled 1 | . . . 1 . Max in Single Turn 1 | . . . 1 . Machines Repaired . | . . . . . Machines Sabotaged . | . . . . . Overloaded Fab Kills . | . . . . . Hacking | -11 -10 -10 -9 -9 --------- Run | Jun Mat Min Mat Min Machines Accessed 15 | . 11 1 3 . Terminals 10 | . 8 . 2 . Fabricators . | . . . . . Repair Stations 1 | . 1 . . . Recycling Units 3 | . 2 . 1 . Scanalyzers . | . . . . . Garrison Access . | . . . . . Total Hacks 41 | . 32 1 8 . Successful 11 | . 9 1 1 . Failed 29 | . 22 . 7 . Catastrophic 7 | . 4 . 3 . Database Lockouts 1 | . 1 . . . Manual 20 | . 14 . 6 . Terminals 31 | . 26 . 5 . Fabricators . | . . . . . Repair Stations 2 | . 2 . . . Recycling Units 7 | . 4 . 3 . Scanalyzers . | . . . . . Garrison Access . | . . . . . Terminal Hacks 8 | . 7 1 . . Robot Analysis 2 | . 2 . . . Open Door 1 | . . 1 . . Unreport Threat 1 | . 1 . . . Locate Traps 1 | . 1 . . . Recall Investigation 1 | . 1 . . . Zone Layout 2 | . 2 . . . Fabricator Hacks . | . . . . . Repair Station Hacks . | . . . . . Recycling Unit Hacks 2 | . 2 . . . Retrieve Components 2 | . 2 . . . Scanalyzer . | . . . . . Garrison Access Hacks . | . . . . . Unauthorized Hacks 1 | . . . 1 . Terminals 1 | . . . 1 . Assimilate 1 | . . . 1 . Fabricators . | . . . . . Repair Stations . | . . . . . Recycling Units . | . . . . . Scanalyzers . | . . . . . Garrison Access . | . . . . . Data Cores Recovered . | . . . . . Used . | . . . . . Hacking Detections 13 | . 10 . 3 . Full Trace Events 8 | . 5 . 3 . Feedback Events . | . . . . . Feedback Blocked . | . . . . . Robot Schematics Acquired . | . . . . . Robots Built . | . . . . . Authchips . | . . . . . Time . | . . . . . Total Robot Build Rating . | . . . . . Part Schematics Acquired . | . . . . . Parts Built . | . . . . . Authchips . | . . . . . Time . | . . . . . Total Part Build Rating . | . . . . . Parts Repaired . | . . . . . Time . | . . . . . Parts Recycled . | . . . . . Recycled Matter . | . . . . . Retrieved Matter . | . . . . . Retrieved Components 5 | . 5 . . . Parts Scanalyzed . | . . . . . Part Schematics Acquired . | . . . . . Parts Damaged . | . . . . . Bothacking | -11 -10 -10 -9 -9 ------------ Run | Jun Mat Min Mat Min Used RIF Installer . | . . . . . Robots Hacked . | . . . . . Non-combat . | . . . . . Combat . | . . . . . Robot Hacks Applied . | . . . . . Relay Couplers Released . | . . . . . Fabnet Peak Effective % . | . . . . . Robots Rewired . | . . . . . Allies Hacked . | . . . . . Hacks Repelled . | . . . . . Allies | -11 -10 -10 -9 -9 -------- Run | Jun Mat Min Mat Min Total Allies . | . . . . . Largest Group . | . . . . . Highest-Rated Group . | . . . . . Highest-Rated Ally . | . . . . . Total Orders 3 | . . . 3 . RETURN 3 | . . . 3 . Ally Attacks . | . . . . . Total Damage . | . . . . . Kills . | . . . . . Allies Corrupted . | . . . . . Allies Melted . | . . . . . Intel | -11 -10 -10 -9 -9 ------- Run | Jun Mat Min Mat Min Robot Analysis Total 2 | . 2 . . . Derelict Logs Recovered 1 | . . 1 . . Drone Launches 3 | . . . 3 . Drone Recoveries 3 | . . . 3 . Exploration | -11 -10 -10 -9 -9 ------------- Run | Jun Mat Min Mat Min Turns Passed 2178 | . 1255 261 597 65 Spaces Moved 1324 | 1 813 232 245 33 Core 1 | . . . 1 . Treads 114 | . . . 114 . Legs 68 | 1 67 . . . Wheels 1141 | . 746 232 130 33 Hover . | . . . . . Flight . | . . . . . Fastest Speed 100 | 120 100 110 101 115 Average Speed 117 | 120 112 110 142 115 Slowest Speed 850 | 120 120 110 850 115 Overloaded Moves . | . . . . . Propulsion Burnouts . | . . . . . Robots Hopped . | . . . . . Cave-ins Triggered . | . . . . . Exploration Rate (%) 38 | 3 97 53 24 16 Regions Visited 4 Branch Regions 2 Pre-discovered Areas . | . . . . . Known Exits Taken 2 | . 1 . 1 . Unknown Exits Taken 2 | 1 . 1 . . Scrap Searched 2 | . . 1 . 1 Spaces Dug 2 | . 1 . 1 . Terrain Destroyed 74 | . 1 . 6 67 Melee 2 | . 1 . 1 . Projectile . | . . . . . AOE 72 | . . . 5 67 Terrain Rammed . | . . . . . Walls Destroyed . | . . . . . Machines Disabled . | . . . . . Actions | -11 -10 -10 -9 -9 --------- Run | Jun Mat Min Mat Min Total 1666 | . 981 236 402 47 Wait 53 | . 18 . 35 . Move 1320 | . 812 231 244 33 Hop . | . . . . . Pick Up 33 | . 24 . 9 . Fast Attach 9 | . 4 1 4 . Attach 12 | . 5 . 7 . Detach 3 | . 1 1 1 . Swap 38 | . 13 3 19 3 Drop 21 | . 10 . 11 . Fire 167 | . 90 . 66 11 Melee 10 | . 4 . 6 . Ram . | . . . . . Kick . | . . . . . Crush . | . . . . . Escape Stasis . | . . . . . Rewire . | . . . . . Trap . | . . . . . Miscellaneous . | . . . . . Route ------- -11/Junkyard -10/Materials (discovered 5 exits: *Mat x3 / *Min x2) -10/Mines -9/Materials (discovered 2 exits: *Min x2) -9/Mines History --------- Turn | Location | Event 1 | -11/Junkyard | Discovered new exit (range 0) 1 | -11/Junkyard | Entered Materials 141 | -10/Materials | Discovered new exit (range 13) 150 | -10/Materials | Central database locked down 247 | -10/Materials | Discovered new exit (range 11) 315 | -10/Materials | Build established: Mutant 583 | -10/Materials | Discovered new exit (range 11) 793 | -10/Materials | Discovered new exit (range 10) 1030 | -10/Materials | Identified exit to Mines 1094 | -10/Materials | Discovered new exit (range 15) 1256 | -10/Materials | Entered Mines 1301 | -10/Mines | Met a Derelict bent on vengeance 1474 | -10/Mines | Found the Drone Emporium 1479 | -10/Mines | Found Prototype Device 1479 | -10/Mines | Identified Thief Drone Bay 1512 | -10/Mines | Discovered new exit (range 6) 1517 | -10/Mines | Entered Materials 1517 | -9/Materials | Evolved 2 slots: Propulsion x1, Utility x1 1518 | -9/Materials | Identified exit to Mines 1997 | -9/Materials | Core integrity fell below 50% 2114 | -9/Materials | Entered Mines 2159 | -9/Mines | YI-UF0 nonchalantly dropped a Grenade Launcher on the ground 2176 | -9/Mines | Core integrity fell below 20% 2179 | -9/Mines | Destroyed by YI-UF0 with YI-UF0's Doublenader Last Messages --------------- 02127_ G-47 Trooper destroyed. 02132_ Critical hit (Burn: +37). 02137_ Acquired 18 matter. 02142_ C-30 ARC bursts open, deploying its payload. 02142_ G-47 Trooper unfolds itself. 02142_ G-34 Mercenary unfolds itself. 02159_ YI-UF0 nonchalantly drops a Grenade Launcher on the ground. 02161_ G-47 Trooper destroyed. 02161_ Plasma Injector explodes. 02161_ Y-45 Defender destroyed. 02164_ G-34 Mercenary destroyed. 02165_ YI-UF0: "KABOOM!" 02165_ Y-45 Defender destroyed. 02166_ YI-UF0: "Whaaaaaaaa!" 02173_ Lgt. Ion Engine destroyed. 02173_ Com. Wheel destroyed. 02175_ Hvy. Assault Rifle destroyed. 02176_ The unstable cave ceiling collapses. 02177_ Com. Wheel destroyed. 02179_ Mni. Grenade Launcher destroyed. Map ----- +----------------------------------------------------+ | ??????????????????????????????????????????????? | | ????????????????????????????????????????####### | | ?????????????????????????????????????########## | | ???????????????????????????????????###### | | ??????????????????????????????????#### ## | | ?????????????????????????????######## ### | | ????????????????????????????######## ###? | | ?????????????????????? ##???###![## ?????? | | ???????????????????? ###??##"]] # ## ##### | | ?????????????????? ###?## / ### #### | | ????????????????## ##### / ### # # | | ????????????????## ####"!! # ##% | | ????????????????## ####!!## | | ??????????????????? ######### | | ???????????????????## ########## *|### | | ??????????????????#### ##########! ### # | | ?????????????????##### # ##### ### ###????? | | ?????????????????### # # # # ##?????? | | ?????????????????## # ##?????? | | ?????????????????## ##?????? | | ?????????????????## =% ####?????? | | ?????????????????## ####?????? | | ??????? ???##### g ##???????? | | ????? #### # ##???????? | | ????? ##???????? | | ????? @ ### ####???????? | | ????? ###### ;# #### ####???????? | | ?????? ???? ##### ## ###?????????????? | | ?????????????????## ?????????????? | | ?????????????????### ######?????????????? | | ?????????????????#### ######?????????????? | | ??????????????????## ##?????????????????? | | ???????????????????## ###?????????????????? | | ???????????????????##########?????????????????? | | ???????????????????#########??????????????????? | | ??????????????????????????????????????????????? | | | | | | | | | | | | | | | | | | | | | | | | | | | | | +----------------------------------------------------+ Best States ------------- Heat Dissipation 28 Energy Generation 10 Energy Capacity 250 Matter Stores 300 Matter Capacity 300 Sight Range 16 Terrain Scan Density 85 Utility Shielding 33 Evasion (%) 55 Recoil Reduction 3 Item Schematics ----------------- None Robot Schematics ------------------ None Fabricated ------------ Nothing Alien Tech Used ----------------- None Achievements -------------- None Challenges ------------ None Game ------ Seed WaveImpactProtection Manual? 0 Play Time 00:27:52 Cumulative 74.5 hours Start 2023.08.27 @ 19:45:28 End 2023.08.27 @ 20:12:04 Sessions 1 Manual Loads 0 Difficulty Rogue Special Mode None Game No. 66 Rogue 66 Adventurer 0 Explorer 0 Win Type - Total 1 Types 1/0/0/0/0/0/0/0/0 Lore% 41 Gallery% 34 Achievement% 37 Wizard Run 0 Options --------- ASCII 0 Keyboard 0 Movement Mouse Keybinds 0 Fullscreen 1 Font 16/SmallcapsGlow Map View 84x54 Tactical HUD 1 Map Filters NONE Filters NONE Steam 1 RUN: 12b2ad32-4075-4650-a9a1-f78c896323ec